 Dungeon Crawl Stone Soup version 0.22-a0-430-g6609fc6 (webtiles) character file.

669 KristoblXynda the Skirmisher (level 7, -3/63 HPs)
             Began as a Pale Draconian Monk on May 26, 2018.
             Was a Believer of Qazlal.
             Killed by divine providence
             ... invoked by an orc priest
              (14 damage)
             ... on level 5 of the Dungeon.
             The game lasted 00:08:10 (4527 turns).

KristoblXynda the Skirmisher (Pale Draconian Monk)  Turns: 4527, Time: 00:08:12

Health: -3/63      AC:  9    Str: 14    XL:     7   Next: 32%
Magic:  7/7        EV: 14    Int: 12    God:    Qazlal [**....]
Gold:   298        SH:  2    Dex: 13    Spells: 6/6 levels left

rFire    . . .     SeeInvis .     - Unarmed
rCold    . . .     Gourm    .   (no shield)
rNeg     . . .     Faith    .   (armour unavailable)
rPois    .         Spirit   .   (helmet restricted)
rElec    .         Reflect  .   l - +0 cloak
rCorr    .         Harm     .   (no gloves)
MR       .....                  k - +1 pair of boots
Stlth    +++.......             e - amulet of the acrobat
HPRegen  0.20/turn              p - ring of stealth
MPRegen  0.10/turn              (no ring)

@: short of breath
A: breathe steam, unfitting armour, cold-blooded, AC +6
a: Breathe Steam, Upheaval, Renounce Religion


You were on level 5 of the Dungeon.
You worshipped Qazlal.
Qazlal was pleased with you.
You were not hungry.

You visited 1 branch of the dungeon, and saw 5 of its levels.

You collected 298 gold pieces.

Inventory:

Armour
 k - a +1 pair of boots (worn)
 l - a +0 cloak (worn)
Jewellery
 e - an amulet of the acrobat (around neck)
 p - a ring of stealth (left hand)
Wands
 s - a wand of acid (9)
Scrolls
 b - a scroll of immolation
 c - a scroll of teleportation
 f - 2 scrolls of amnesia
 g - a scroll of fog {unknown}
 h - 3 scrolls of enchant armour
 j - a scroll of enchant weapon {unknown}
 r - 3 scrolls of remove curse
 t - a scroll of blinking
 v - a scroll of identify
Potions
 d - 2 potions of resistance {unknown}
 i - 3 potions of brilliance
 m - 2 potions of lignification
 n - a potion of agility {unknown}
 o - a potion of ambrosia {unknown}
 q - a potion of flight
 u - a potion of heal wounds {unknown}
Comestibles
 a - 7 rations


   Skills:
 - Level 6.0 Fighting
 + Level 4.9 Dodging
 - Level 1.7 Stealth
 + Level 5.4 Unarmed Combat
 + Level 0.2 Invocations
 + Level 0.3 Evocations


You had 6 spell levels left.
You didn't know any spells.
Your spell library contained the following spells:

 Spells                   Type           Power        Failure   Level  Hunger
 Apportation              Tloc           #.....       32%         1    ##.....
 Summon Small Mammal      Summ           #...         32%         1    ##.....
 Animate Dead             Necr           N/A          97%         4    #####..
 Animate Skeleton         Necr           N/A          32%         1    ##.....
 Recall                   Summ/Tloc      N/A          69%         3    ####...
 Spider Form              Tmut/Pois      #.........   69%         3    ####...
 Blade Hands              Tmut           #.........   100%        5    ######.
 Ice Form                 Ice/Tmut       #.......     97%         4    #####..
 Death Channel            Necr           #.........   100%        6    #######
 Confusing Touch          Hex            #.....       32%         1    ##.....
 Sticks to Snakes         Tmut           #.......     45%         2    ###....
 Simulacrum               Ice/Necr       #.........   100%        6    #######
 Beastly Appendage        Tmut           #.....       32%         1    ##.....
 Borgnjor's Vile Clutch   Necr/Erth      #.........   100%        5    ######.


Dungeon Overview and Level Annotations

Branches:
Dungeon (5/15)
 Temple: D:4-7

Altars:
Fedhas
Okawaru
Qazlal
Vehumet


Innate Abilities, Weirdness & Mutations

You can breathe blasts of scalding, opaque steam.
Your pale cyan-grey scales are hard. (AC +6)
You cannot fit into any form of body armour.
You are cold-blooded and may be slowed by cold attacks.


Message History

The two-headed ogre is heavily wounded.
The two-headed ogre is engulfed in a cloud of scalding steam.
The two-headed ogre hits you with a giant spiked club.
The two-headed ogre hits you with a giant spiked club!
You hit the two-headed ogre.
You tail-slap the two-headed ogre, but do no damage.
The two-headed ogre is severely wounded.
The two-headed ogre is engulfed in a cloud of scalding steam.
You block the two-headed ogre's attack.
The two-headed ogre hits you with a giant spiked club!
You barely miss the two-headed ogre. You tail-slap the two-headed ogre.
The two-headed ogre is almost dead.
You hit the two-headed ogre.
The two-headed ogre is almost dead.
The two-headed ogre hits you with a giant spiked club!
* * * LOW HITPOINT WARNING * * *
The two-headed ogre closely misses you.
The orc priest mumbles some strange prayers to Beogh against you.
Beogh smites you!
You die...

....................##..#
#.#............#######!.#
#.#.......#...## ###..#
#.#.....<.##..)... ..#o.#
#.......########## #.#..#
####.#.## #.#..# #.#.##
#.#.a#
#....############.#..#####
#............@O.o.†........
##...############....######
##......... .....##
########## #######


You could see a two-headed ogre and an orc priest.

Vanquished Creatures
  Sigmund (D:2)
  A centaur (D:5)
  The ghost of Veiltonx the Bolt Thrower, an amateur CeHu (D:3)
  An ogre (D:4)
  A howler monkey (D:5)
  2 hounds
  2 worker ants
  A worker ant zombie (D:5)
  3 adders (D:2)
  An adder skeleton (D:4)
  2 dart slugs
  4 leopard geckos
  An orc (D:3)
  A ball python (D:1)
  7 bats
  8 giant cockroaches
  8 goblins
  5 hobgoblins
  5 jackals
  3 quokkas
  4 frilled lizards
  11 kobolds
  A leopard gecko skeleton (D:4)
  8 rats
82 creatures vanquished.

Notes
Turn   | Place    | Note
-------+----------+-------------------------------------------
     0 | D:1      | KristoblXynda the Draconian Monk began the quest for the Orb.
     0 | D:1      | Reached XP level 1. HP: 19/19 MP: 1/1
   445 | D:1      | Reached XP level 2. HP: 26/26 MP: 2/2
  1134 | D:2      | Reached XP level 3. HP: 31/33 MP: 3/3
  1270 | D:2      | Found a faded altar of an unknown god.
  1310 | D:2      | Reached skill level 4 in Fighting
  1760 | D:2      | Reached XP level 4. HP: 40/40 MP: 4/4
  1779 | D:2      | Noticed Sigmund
  1789 | D:2      | Found a radiant altar of Vehumet.
  1862 | D:3      | Found an iron altar of Okawaru.
  2145 | D:3      | Noticed Veiltonx's ghost (amateur CeHu)
  2164 | D:3      | Killed Veiltonx's ghost
  2164 | D:3      | Reached XP level 5. HP: 47/47 MP: 5/5
  2643 | D:3      | Found a stormy altar of Qazlal.
  3097 | D:3      | Became a worshipper of Qazlal Stormbringer
  3097 | D:3      | Reached * piety under Qazlal
  3097 | D:3      | Reached ** piety under Qazlal
  3336 | D:2      | Killed Sigmund
  3336 | D:2      | Reached skill level 5 in Fighting
  3336 | D:2      | Reached XP level 6. HP: 56/56 MP: 6/6
  3844 | D:4      | Reached skill level 5 in Unarmed Combat
  4295 | D:5      | Entered Level 5 of the Dungeon
  4299 | D:5      | Your scales start taking on a pale cyan-grey colour.
  4299 | D:5      | Reached XP level 7. HP: 62/62 MP: 7/7
  4400 | D:5      | Found a blossoming altar of Fedhas.
  4483 | D:5      | Reached skill level 6 in Fighting
  4505 | D:5      | Noticed a two-headed ogre
  4527 | D:5      | Killed from afar by an orc priest

Vault maps used:
D:1:      dpeg_arrival_three_same_balls, minmay_splitting_lines
D:2:      nicolae_overflow_hidden_temple, first_ration,
          chequers_ecumenical_altar_simple, minmay_heptomino_o4, uniq_sigmund
D:3:      nicolae_qazlal_general_emergency, okawaru_trees_2
D:4:      minmay_stone_trees_medium, minmay_small_thing
D:5:      fedhas_altar_2

Skill      XL: |  1  2  3  4  5  6  7 |
---------------+----------------------+-----
Dodging        | 3 4 |  4.9
Fighting       | 4 5 6 |  6.0
Unarmed Combat | 4 5 |  5.4
Stealth        | |  1.7
Invocations    | |  0.2
Evocations     | |  0.3

Action                   |  1- 3 |  4- 6 |  7- 9 || total
-------------------------+-------+-------+-------++-------
Melee: Unarmed           |   161 |   136 |    50 ||   347
       Tailslap          |    12 |    26 |    12 ||    50
       Punch             |     1 |     6 |     1 ||     8
 Abil: Breathe Steam     |       |       |     1 ||     1
  Use: Scroll            |       |    14 |       ||    14
       Potion            |       |     3 |       ||     3
 Stab: Sleeping          |     1 |     3 |       ||     4
  Eat: Chunk             |     2 |     5 |     1 ||     8
       Ration            |       |     1 |       ||     1
Armor: Skin              |    33 |    43 |     9 ||    85
Dodge: Dodged            |   106 |    82 |    36 ||   224
Block: Other             |       |     4 |     8 ||    12

Table legend:
 A = Spawn XP
 B = Non-spawn XP
 C = Spawn XP percentage of total XP
 D = Spawn monster count
 E = Non-spawn monster count
 F = Spawn count percentage of total count
 G = Total turns spent on level
                    A         B        C        D         E        F      G
               +---------+---------+-------+---------+---------+-------+---------
         Total |       0 |     956 |   0.0 |       0 |      82 |   0.0 |  4527
               +---------+---------+-------+---------+---------+-------+---------
           D:1 |       0 |      36 |   0.0 |       0 |      20 |   0.0 |  1094
           D:2 |       0 |     284 |   0.0 |       0 |      23 |   0.0 |  1232
           D:3 |       0 |     156 |   0.0 |       0 |      24 |   0.0 |  1282
           D:4 |       0 |     208 |   0.0 |       0 |       8 |   0.0 |   687
           D:5 |       0 |     272 |   0.0 |       0 |       7 |   0.0 |   232
               +---------+---------+-------+---------+---------+-------+---------
